General information
- name: BNet
- type: Ladder team game (AT/RT)
- host: Battle.net
- saver: DanielCormier
map: Battleground_LV
- players: 8
- length: 13:49
- speed: Fast
- version: 1.30 W3XP
- replay type: Public
» download(163 KB)
Players
team 1 (winner)
DanielCormier (
orange | 163 APM | 2250 actions | 13:49)
5 Tauren Chieftain
3 War Stomp
2 Endurance Aura
2 Shadow Hunter
1 Hex
1 Healing Wave
1 Naga Sea Witch
1 Frost Arrows
» actions
| Assign group hotkey | 27 | |
| Basic commands | 156 | |
| Build / train | 59 | |
| ESC pressed | 2 | |
| Enter build submenu | 12 | |
| Enter hero's abilities submenu | 8 | |
| Right click | 1107 | |
| Select / deselect | 341 | |
| Select group hotkey | 476 | |
| Use ability | 62 | |
2250 total
» units
| Peon | 11 | |
| Troll Headhunter/Berserker | 17 | |
28 total
» upgrades
| Ranged Weapons | 2 | |
| Armor | 2 | |
| Berserker Upgrade | 2 | |
6 total
» buildings
| Altar of Storms | 1 | |
| Orc Burrow | 4 | |
| War Mill | 1 | |
| Barracks | 1 | |
| Voodoo Lounge | 2 | |
| Great Hall | 1 | |
| Stronghold | 1 | |
| Fortress | 1 | |
12 total
» build order
00:03 Altar of Storms
00:06 Orc Burrow
00:25 War Mill
01:06 Barracks
01:57 Orc Burrow
02:23 Voodoo Lounge
04:54 Great Hall
04:57 Stronghold
05:23 Orc Burrow
06:10 Orc Burrow
09:09 Fortress
12:32 Voodoo Lounge
» items
| Healing Salve | 4 | |
| Lesser Clarity Potion | 4 | |
| Scroll of Town Portal | 2 | |
| Boots of Speed | 1 | |
11 total
mNoTE363 (
red | 56 APM | 771 actions | 13:49)
3 Archmage
1 Summon Water Elemental
2 Brilliance Aura
2 Paladin
1 Holy Light
1 Divine Shield
» actions
| Assign group hotkey | 19 | |
| Basic commands | 72 | |
| Build / train | 37 | |
| Enter build submenu | 18 | |
| Enter hero's abilities submenu | 5 | |
| Right click | 375 | |
| Select / deselect | 143 | |
| Select group hotkey | 70 | |
| Use ability | 32 | |
771 total
» units
» upgrades
| Swords | 2 | |
| Lumber Harvesting | 1 | |
| Plating | 2 | |
| Animal War Training | 1 | |
6 total
» buildings
| Altar of Kings | 1 | |
| Farm | 10 | |
| Barracks | 2 | |
| Keep | 1 | |
| Arcane Vault | 1 | |
| Blacksmith | 1 | |
| Castle | 1 | |
| Lumber Mill | 1 | |
18 total
» build order
00:08 Altar of Kings
00:10 Farm
00:39 Barracks
00:49 Farm
01:31 Farm
02:23 Barracks
03:23 Farm
03:24 Keep
03:33 Arcane Vault
03:59 Farm
04:33 Blacksmith
04:46 Farm
05:17 Farm
05:55 Castle
06:03 Lumber Mill
06:09 Farm
06:49 Farm
08:26 Farm
» items
| Scroll of Regeneration | 1 | |
| Scroll of Healing | 1 | |
2 total
JaguaR- (
yellow | 132 APM | 1829 actions | 13:49)
4 Archmage
2 Summon Water Elemental
2 Brilliance Aura
3 Mountain King
2 Storm Bolt
1 Bash
» actions
| Assign group hotkey | 39 | |
| Basic commands | 124 | |
| Build / train | 69 | |
| ESC pressed | 2 | |
| Enter build submenu | 24 | |
| Enter hero's abilities submenu | 7 | |
| Right click | 633 | |
| Select / deselect | 255 | |
| Select group hotkey | 606 | |
| Use ability | 69 | |
1829 total
» units
| Peasant | 24 | |
| Footman | 6 | |
| Rifleman | 13 | |
| Sorceress | 2 | |
45 total
» upgrades
| Long Rifles | 1 | |
| Gunpowder | 1 | |
| Sorceress Training | 1 | |
| Armor | 1 | |
4 total
» buildings
| Altar of Kings | 1 | |
| Farm | 12 | |
| Barracks | 1 | |
| Scout Tower | 2 | |
| Arcane Tower | 1 | |
| Blacksmith | 1 | |
| Lumber Mill | 2 | |
| Keep | 2 | |
| Guard Tower | 2 | |
| Arcane Sanctum | 1 | |
| Town Hall | 3 | |
| Arcane Vault | 3 | |
31 total
» build order
00:09 Altar of Kings
00:11 Farm
00:14 Farm
00:43 Barracks
00:57 Scout Tower
01:26 Farm
01:52 Arcane Tower
01:57 Farm
02:11 Farm
03:10 Blacksmith
03:16 Lumber Mill
03:44 Keep
03:45 Keep
03:59 Scout Tower
04:03 Farm
04:05 Farm
05:06 Guard Tower
05:06 Guard Tower
06:31 Arcane Sanctum
07:20 Farm
07:35 Town Hall
07:52 Arcane Vault
09:04 Lumber Mill
11:35 Town Hall
12:51 Town Hall
13:20 Arcane Vault
13:21 Farm
13:22 Farm
13:23 Farm
13:24 Farm
13:30 Arcane Vault
» items
| Potion of Lesser Invulnerability | 1 | |
| Circlet of Nobility | 2 | |
3 total
LeChat (
pink | 56 APM | 770 actions | 13:49)
3 Firelord
2 Summon Lava Spawn
1 Incinerate
2 Archmage
1 Summon Water Elemental
1 Brilliance Aura
» actions
| Assign group hotkey | 5 | |
| Basic commands | 99 | |
| Build / train | 47 | |
| Enter build submenu | 13 | |
| Enter hero's abilities submenu | 5 | |
| Give item / drop item | 1 | |
| Right click | 379 | |
| Select / deselect | 113 | |
| Select group hotkey | 73 | |
| Use ability | 35 | |
770 total
» units
| Peasant | 9 | |
| Footman | 8 | |
| Rifleman | 7 | |
| Priest | 9 | |
33 total
» upgrades
| Gunpowder | 2 | |
| Long Rifles | 1 | |
| Armor | 1 | |
4 total
» buildings
| Altar of Kings | 1 | |
| Farm | 7 | |
| Barracks | 1 | |
| Keep | 1 | |
| Blacksmith | 1 | |
| Arcane Sanctum | 1 | |
| Arcane Vault | 1 | |
13 total
» build order
00:08 Altar of Kings
00:28 Farm
00:50 Barracks
01:10 Farm
01:51 Farm
02:45 Keep
03:29 Farm
03:36 Farm
04:30 Blacksmith
06:12 Arcane Sanctum
08:22 Arcane Vault
13:16 Farm
13:21 Farm
» items
| Scroll of Town Portal | 1 | |
| Lesser Clarity Potion | 1 | |
2 total
team 2 (loser)
TICKLE-ME-ELMO (
teal | 72 APM | 989 actions | 13:39)
4 Keeper of the Grove
2 Entangling Roots
2 Thorns Aura
» actions
| Build / train | 55 | |
| Enter build submenu | 13 | |
| Enter hero's abilities submenu | 4 | |
| Give item / drop item | 1 | |
| Remove unit from queue | 5 | |
| Right click | 649 | |
| Select / deselect | 226 | |
| Use ability | 36 | |
989 total
» units
| Wisp | 17 | |
| Archer | 13 | |
| Hippogryph | 5 | |
35 total
» upgrades
| Strength of the Moon | 2 | |
| Improved Bows | 1 | |
| Moon Armor | 2 | |
5 total
» buildings
| Moon Well | 6 | |
| Altar of Elders | 1 | |
| Ancient of War | 1 | |
| Tree of Ages | 2 | |
| Hunter's Hall | 1 | |
| Ancient of Wind | 2 | |
| Tree of Life | 1 | |
14 total
» build order
00:16 Moon Well
00:18 Altar of Elders
01:26 Ancient of War
01:33 Moon Well
02:28 Tree of Ages
02:28 Tree of Ages
03:24 Hunter's Hall
03:26 Moon Well
04:19 Moon Well
04:49 Ancient of Wind
04:51 Ancient of Wind
07:32 Tree of Life
11:07 Moon Well
12:07 Moon Well
» items

»
BreezeGod (
purple | 34 APM | 475 actions | 13:49)
4 Archmage
1 Summon Water Elemental
2 Brilliance Aura
1 Blizzard
» actions
| Assign group hotkey | 2 | |
| Basic commands | 24 | |
| Build / train | 41 | |
| Enter build submenu | 17 | |
| Enter hero's abilities submenu | 4 | |
| Remove unit from queue | 1 | |
| Right click | 205 | |
| Select / deselect | 142 | |
| Select group hotkey | 8 | |
| Use ability | 31 | |
475 total
» units
| Peasant | 7 | |
| Footman | 11 | |
| Rifleman | 3 | |
| Siege Engine | 2 | |
| Gryphon Rider | 3 | |
26 total
» upgrades
| Defend | 1 | |
| Plating | 1 | |
| Long Rifles | 1 | |
| Barrage | 1 | |
4 total
» buildings
| Altar of Kings | 1 | |
| Farm | 5 | |
| Barracks | 1 | |
| Scout Tower | 1 | |
| Arcane Tower | 1 | |
| Arcane Vault | 1 | |
| Keep | 1 | |
| Blacksmith | 1 | |
| Lumber Mill | 2 | |
| Castle | 1 | |
| Workshop | 1 | |
| Gryphon Aviary | 1 | |
| Town Hall | 1 | |
18 total
» build order
00:09 Altar of Kings
00:34 Farm
00:44 Barracks
01:16 Farm
01:41 Scout Tower
02:12 Arcane Tower
02:34 Farm
03:14 Arcane Vault
03:43 Farm
04:24 Keep
04:28 Farm
05:16 Blacksmith
05:19 Lumber Mill
07:00 Castle
09:01 Workshop
09:24 Gryphon Aviary
09:46 Town Hall
12:53 Lumber Mill
» items
| Scroll of Regeneration | 1 | |
| Scroll of Town Portal | 1 | |
2 total

»
shrooms (
blue | 41 APM | 570 actions | 13:44)
3 Death Knight
2 Death Coil
1 Unholy Aura
1 Lich
1 Frost Nova
» actions
| Assign group hotkey | 10 | |
| Basic commands | 6 | |
| Build / train | 31 | |
| Enter build submenu | 15 | |
| Enter hero's abilities submenu | 4 | |
| Right click | 164 | |
| Select / deselect | 114 | |
| Select group hotkey | 188 | |
| Use ability | 38 | |
570 total
» units
| Acolyte | 3 | |
| Ghoul | 4 | |
| Crypt Fiend | 7 | |
| Obsidian Statue | 4 | |
| Frost Wyrm | 1 | |
19 total
» upgrades
» buildings
| Altar of Darkness | 1 | |
| Ziggurat | 5 | |
| Crypt | 2 | |
| Tomb of Relics | 1 | |
| Graveyard | 1 | |
| Nerubian Tower | 1 | |
| Halls of the Dead | 1 | |
| Slaughterhouse | 1 | |
| Black Citadel | 1 | |
| Sacrificial Pit | 1 | |
| Boneyard | 1 | |
16 total
» build order
00:11 Altar of Darkness
00:13 Ziggurat
01:00 Crypt
01:07 Tomb of Relics
01:21 Crypt
01:37 Graveyard
01:46 Nerubian Tower
02:11 Ziggurat
03:40 Ziggurat
04:33 Halls of the Dead
05:44 Ziggurat
05:47 Ziggurat
07:43 Slaughterhouse
09:00 Black Citadel
09:09 Sacrificial Pit
11:43 Boneyard
» items

»
GoBuffs (
green | 59 APM | 808 actions | 13:43)
4 Demon Hunter
2 Immolation
2 Evasion
» actions
| Build / train | 38 | |
| Enter build submenu | 12 | |
| Enter hero's abilities submenu | 4 | |
| Right click | 448 | |
| Select / deselect | 243 | |
| Use ability | 63 | |
808 total
» units
| Wisp | 10 | |
| Huntress | 12 | |
| Archer | 2 | |
| Dryad | 2 | |
26 total
» upgrades
| Strength of the Moon | 1 | |
| Moon Armor | 1 | |
| Abolish Magic | 1 | |
3 total
» buildings
| Altar of Elders | 1 | |
| Moon Well | 4 | |
| Hunter's Hall | 1 | |
| Ancient of War | 2 | |
| Tree of Ages | 2 | |
| Ancient of Lore | 3 | |
13 total
» build order
00:07 Altar of Elders
00:16 Moon Well
01:25 Hunter's Hall
01:29 Ancient of War
01:59 Moon Well
02:21 Ancient of War
03:30 Moon Well
06:13 Tree of Ages
06:13 Tree of Ages
08:45 Ancient of Lore
08:48 Ancient of Lore
09:25 Moon Well
10:38 Ancient of Lore
» items
Chat log
(00:22 / Allies) mNoTE363: oh man 3 human
(00:34 / Allies) DanielCormier: yes
(00:39 / Allies) DanielCormier: we have three humans
(01:09 / Allies) mNoTE363: ill go foot knight
(01:11 / Allies) JaguaR-: awsome news
(01:12 / Allies) JaguaR-: lol
(02:16 / Allies) mNoTE363: what u guys building
(02:27 / Allies) LeChat: rifles and casters
(02:35 / Allies) DanielCormier: my base is next lvl
(04:56 / Allies) JaguaR-: teal
(05:20 / Allies) DanielCormier: coming
(06:37 / Allies) DanielCormier: is this nigga retarded
(06:44 / Allies) LeChat: idk
(06:45 / Allies) DanielCormier: 5 hunts and a tp
(08:20 / Allies) JaguaR-: go
(09:02 / Allies) mNoTE363: fiends here
(12:27 / Allies) DanielCormier: build a shop at
(12:28 / Allies) DanielCormier: ur expos